 Dungeon Crawl Stone Soup version 0.31-a0-521-gc7390f8997 (webtiles) character file.

Game seed: 12290708654029418467

67 Crownlay the Poker (level 3, 0/28 HPs)
             Began as a Demonspawn Gladiator on Aug 11, 2023.
             Succumbed to an adder's poison
             ... on level 2 of the Dungeon.
             The game lasted 00:01:51 (920 turns).

Crownlay the Poker (Demonspawn Gladiator)            Turns: 920, Time: 00:01:52

Health: 0/28       AC:  5    Str: 14    XL:     3   Next: 98%
Magic:  4/4        EV: 12    Int: 11    God:
Gold:   25         SH:  0    Dex: 14    Spells: 4/4 levels left

rFire   . . .        a - +0 trident
rCold   . . .        (no shield)
rNeg    . . .        b - +0 leather armour
rPois   .            c - +0 helmet
rElec   .            (no cloak)
rCorr   .            i - +0 pair of gloves
SInv    .            (no boots)
Will    .....        (no amulet)
Stlth   +            (no ring)
HPRegen 0.24/turn    (no ring)
MPRegen 0.18/turn

%: no passive effects
@: lethally poisoned (0 -> -6)
A: magic regeneration, weakness stinger 1
a: no special abilities


You were on level 2 of the Dungeon.
You visited 1 branch of the dungeon, and saw 2 of its levels.

You collected 25 gold pieces.

Inventory:

Hand Weapons
 a - a +0 trident (weapon)
Missiles
 d - 3 throwing nets (quivered)
 e - a javelin
Armour
 b - a +0 leather armour (worn)
 c - a +0 helmet (worn)
 i - a +0 pair of gloves (worn)
Scrolls
 j - a scroll of amnesia {unknown}
Potions
 f - a potion of curing {unknown}
 g - a potion of mutation {unknown}
 h - a potion of heal wounds {unknown}


   Skills:
 + Level 2.6 Fighting
 * Level 3.5 Polearms
 - Level 1.7 Throwing
 - Level 2.6 Dodging
 + Level 1.2 Shields
 + Level 1.0 Spellcasting


You had 4 spell levels left.
You didn't know any spells.
Your spell library was empty.

Dungeon Overview and Level Annotations

Branches:
Dungeon (2/15)

Altars:


Innate Abilities, Weirdness & Mutations

You regenerate magic rapidly.
You have a small tail.


Message History

Reach: a) +0 trident
Press: ? - help, Dir - move target, f/p - adder
Aim: an adder (about 60% to evade your +0 trident)
You miss the adder. You tail-slap the adder.
The adder is heavily wounded.
You feel yourself speed up. The adder bites you but does no damage.
The adder bites you. The adder barely misses you.
Reach: a) +0 trident
Press: ? - help, Dir - move target, f/p - adder
Aim: an adder (heavily wounded, about 60% to evade your +0 trident)
You barely miss the adder.
The adder is heavily wounded.
The adder bites you.
* * * LOW HITPOINT WARNING * * *
You are poisoned.
The adder poisons you!
Reach: a) +0 trident
Press: ? - help, Dir - move target, f/p - adder
Aim: an adder (heavily wounded, about 60% to evade your +0 trident)
You barely miss the adder.
Your tail-slap misses the adder.
The adder is heavily wounded.
* * * LOW HITPOINT WARNING * * *
You feel sick. The adder barely misses you.
Reach: a) +0 trident
Press: ? - help, Dir - move target, f/p - adder
Aim: an adder (heavily wounded, about 60% to evade your +0 trident)
You closely miss the adder.
The adder is heavily wounded.
* * * LOW HITPOINT WARNING * * *
You feel sick. The adder barely misses you. The adder bites you.
* * * LOW HITPOINT WARNING * * *
You are more poisoned.
The adder poisons you!
Reach: a) +0 trident
Press: ? - help, Dir - move target, f/p - adder
Aim: an adder (heavily wounded, about 60% to evade your +0 trident)
You hit the adder.
You kill the adder!
You die...

####>...## #.#
#..†.#### ..+
#.####.......#
..#
#............#
..+
#####........##
#.............
#.#.....#.###.
...#.......# #
.. #@......#
......).#.....#
........#.#.#.#
........+$#.#.#
.##.....###.# #
#.##### .# ...
..


There were no monsters in sight!

Vanquished Creatures
  Jessica (D:2)
  2 adders (D:2)
  4 ball pythons (D:1)
  2 bats
  3 endoplasms
  6 goblins
  3 hobgoblins (D:1)
  A kobold (D:1)
  2 quokkas (D:1)
  3 frilled lizards
  2 rats (D:1)
29 creatures vanquished.

Notes
Turn   | Place    | Note
-------+----------+-------------------------------------------
     0 | D:1      | Crownlay the Demonspawn Gladiator began the quest for the
                  | Orb.
     0 | D:1      | Reached XP level 1. HP: 16/16 MP: 1/1
   130 | D:1      | Reached skill level 3 in Polearms
   148 | D:1      | Gained mutation: You regenerate magic rapidly. [demonic
                  | ancestry]
   148 | D:1      | Reached XP level 2. HP: 20/22 MP: 2/2
   822 | D:2      | Gained mutation: You have a small tail. [demonic ancestry]
   822 | D:2      | Reached XP level 3. HP: 25/28 MP: 3/3
   891 | D:2      | Reached skill level 1 in Shields
   902 | D:2      | Noticed Jessica
   910 | D:2      | Killed Jessica
   911 | D:2      | Reached skill level 1 in Spellcasting
   920 | D:2      | Succumbed to an adder's poison

Illustrated notes

Levels and vault maps discovered:
D:1:      lordsloth_arrival_two_stooges, layout_basic, chequers_jeans
D:2:      layout_basic, minmay_misc_feat_roman, uniq_jessica

Skill      XL: |  1  2  3 |
---------------+----------+-----
Polearms       | 3 |  3.5
Shields        | 1 |  1.2
Spellcasting   | 1 |  1.0
Fighting       | |  2.6
Throwing       | |  1.7
Dodging        | |  2.6

Action                     || total
---------------------------++-------
  Melee: Trident           ||    93
         Tailslap          ||     3
   Stab: Sleeping          ||     3
 Armour: Leather armour    ||    21
  Dodge: Dodged            ||    44

Table legend: (Time is in decaauts)
 A = Elapsed time spent in this place.
 B = Non-inter-level travel time spent in this place.
 C = Inter-level travel time spent in this place.
 D = Time resting spent in this place.
 E = Time spent auto-exploring this place.
 F = Levels seen in this place.
 G = Mean time per level.
                   A        B        C        D        E       F      G
               +--------+--------+--------+--------+--------+-----+--------+
         Total |    938 |    869 |     69 |      0 |    675 |   2 |  469.0 |
       Dungeon |    938 |    869 |     69 |      0 |    675 |   2 |  469.0 |
               +--------+--------+--------+--------+--------+-----+--------+

Top non-repeatable levels by time:
     D:1: 828 daAuts
     D:2: 110 daAuts
